 Dungeon Crawl Stone Soup version 0.26-a0-84-g8c18429211 (webtiles) character file.

Game seed: 2129290216304497630

114 Conn the Sneak (level 4, -2/27 HPs)
             Began as an Octopode Wizard on June 19, 2020.
             Killed from afar by Sigmund (12 damage)
             ... with a puff of flame
             ... on level 2 of the Dungeon.
             The game lasted 00:07:39 (1986 turns).

Conn the Sneak (Octopode Wizard)                    Turns: 1986, Time: 00:07:39

Health: -2/27      AC:  1    Str:  6    XL:     4   Next: 98%
Magic:  8/10       EV: 13    Int: 21    God:
Gold:   68         SH:  0    Dex: 10    Spells: 3/11 levels left

rFire    . . .     SeeInvis .   e - +0 dagger
rCold    . . .     Gourm    .   (no shield)
rNeg     . . .     Faith    .   a - +0 hat
rPois    .         Spirit   .   (no amulet)
rElec    .         Reflect  .   j - ring of wizardry
rCorr    .         Harm     .   (no ring)
MR       .....                  (no ring)
Stlth    +++.......             (no ring)
HPRegen  0.09/turn              (no ring)
MPRegen  0.12/turn              (no ring)
                                (no ring)
                                (no ring)

@: no status effects
A: almost no armour, stealthy swim, amphibious, 8 rings, constrict 8, camouflage
1, gelatinous body 1
a: no special abilities


You were on level 2 of the Dungeon.
You were hungry.

You visited 1 branch of the dungeon, and saw 2 of its levels.

You collected 68 gold pieces.

Inventory:

Hand Weapons
 e - a +0 dagger (weapon)
Missiles
 d - 8 javelins
 k - 7 poisoned darts (quivered)
Armour
 a - a +0 hat (worn)
Jewellery
 j - a ring of wizardry (left tentacle)
Wands
 g - a wand of flame (15)
Scrolls
 b - 2 scrolls of remove curse
 f - a scroll of identify
 h - a scroll of teleportation {unknown}
 l - a scroll of amnesia {unknown}
Potions
 i - a potion of might
Comestibles
 c - 3 rations


   Skills:
 + Level 0.5 Fighting
 + Level 1.1 Short Blades
 + Level 2.5 Dodging
 + Level 4.2 Stealth
 + Level 4.0 Spellcasting
 + Level 1.3 Conjurations
 + Level 1.1 Summonings
 + Level 1.0 Translocations


You had 3 spell levels left.
You knew the following spells:

 Your Spells              Type           Power        Failure   Level  Hunger
a - Magic Dart            Conj           #...         2%          1    None
b - Blink                 Tloc           N/A          4%          2    #......
c - Call Imp              Summ           #.......     4%          2    #......
d - Conjure Flame         Conj/Fire      #.......     11%         3    ###....

Your spell library contained the following spells:

 Spells                   Type           Power        Failure   Level  Hunger
 Slow                     Hex            #.......     8%          2    #......
 Mephitic Cloud           Conj/Pois/Air  #.......     12%         3    ###....


Dungeon Overview and Level Annotations

Branches:
Dungeon (2/15)

Altars:

Annotations:
D:2 Sigmund


Innate Abilities, Weirdness & Mutations

You cannot wear most types of armour.
You are very stealthy in the water. (Stealth+)
You are amphibious.
You can wear up to eight rings at the same time.
You can use your tentacles to constrict eight enemies at once.
Your skin changes colour to match your surroundings (Stealth+).
Your rubbery body absorbs attacks. (AC +1, EV +1)


Message History

HP restored.
Found a stone staircase leading down.
Found 8 javelins.
There is a stone staircase leading down here.
You see here 8 javelins.
d - 8 javelins You are feeling hungry.
A kobold comes into view. It is wielding a +0 dagger.
The helpless kobold fails to defend itself.
You puncture the kobold!
You kill the kobold!
Casting: Magic Dart (safe; 2% risk of failure)
Confirm with . or Enter, or press ? or * to list all spells.
A beastly little devil appears in a puff of flame.
Sigmund shouts!
You hear a shout!
Sigmund hits you from afar with a +0 scythe!
Ouch! That really hurt!
Sigmund points at you and mumbles some strange words.
The puff of flame hits you!
You die...

#.#
#..#......#####...(..≈#≈≈≈≈≈
#.# ##....#...#
...####≈#≈###≈ ..#
##.....### #.#.# .≈#≈≈≈≈≈
..# #.#.### ##.#.# .≈≈≈≈≈≈≈
..######.#.# ...#.#
.######## .........#.# .#
#.# .# .....#####.. ##.# #.#
.# .....# #### #..# #.##.#
### .....## #.##@#
#.#..####.# ......# #..5.##
#.#.##...># .#.##...
###...###.#.##.##.###
.#.#####
###..@....#...##.##.##.
##..#
..#.#####........##.##. #
#.# #.(. #.....######.##. #
#.# #....###.....####......
# #.#
#.##...................
###.## #.#
###..)...#.#.......


You could see Sigmund and a friendly crimson imp (summoned).

Vanquished Creatures
  Natasha (D:2)
  An adder (D:2)
  A dart slug (D:1)
  3 leopard geckos
  A ball python (D:2)
  3 giant cockroaches (D:2)
  5 goblins
  2 hobgoblins (D:1)
  2 jackals (D:1)
  7 kobolds
  8 bats
  A frilled lizard (D:1)
  10 rats
45 creatures vanquished.

Vanquished Creatures (collateral kills)
  Natasha (twice) (D:2)
  A bat (D:2)
3 creatures vanquished.

Grand Total: 48 creatures vanquished

Notes
Turn   | Place    | Note
-------+----------+-------------------------------------------
     0 | D:1      | Conn the Octopode Wizard began the quest for the Orb.
     0 | D:1      | Reached XP level 1. HP: 11/11 MP: 4/4
    89 | D:1      | Reached XP level 2. HP: 11/17 MP: 0/6
   623 | D:1      | Reached XP level 3. HP: 16/21 MP: 8/8
   664 | D:1      | Learned a level 2 spell: Blink
   667 | D:1      | Learned a level 2 spell: Call Imp
   671 | D:1      | Learned a level 3 spell: Conjure Flame
  1147 | D:2      | Noticed Sigmund
  1226 | D:2      | Noticed Natasha
  1238 | D:2      | Killed Natasha
  1244 | D:2      | Reached XP level 4. HP: 20/27 MP: 1/9
  1453 | D:2      | Found a faded altar of an unknown god.
  1501 | D:2      | Noticed Natasha
  1517 | D:2      | Killed Natasha
  1517 | D:2      | Reached skill level 1 in Short Blades
  1683 | D:2      | Noticed Natasha
  1697 | D:2      | Killed Natasha
  1986 | D:2      | Killed from afar by Sigmund

Illustrated notes

Levels and vault maps discovered:
D:1:      evilmike_arrival_come_back, layout_basic, minmay_misc_feat_cross
D:2:      layout_rooms, eat_drink_and_be_merry_uskayaw, first_ration,
          chequers_ecumenical_altar_grove, minmay_crystal_water, uniq_sigmund,
          uniq_natasha

Skill      XL: |  1  2  3  4 |
---------------+-------------+-----
Stealth        | 3 4 |  4.2
Short Blades   | 1 |  1.1
Spellcasting   | 4 |  4.0
Fighting       | |  0.5
Dodging        | |  2.5
Conjurations   | |  1.3
Summonings     | |  1.1
Translocations | |  1.0

Action                   |  1- 3 |  4- 6 || total
-------------------------+-------+-------++-------
Melee: Unarmed           |    23 |       ||    23
       Tentacles         |     8 |     4 ||    12
       Constrict         |    15 |     6 ||    21
       Dagger            |    38 |    37 ||    75
Throw: Dart              |       |     3 ||     3
 Cast: Magic Dart        |    29 |     7 ||    36
       Call Imp          |     3 |     2 ||     5
       Blink             |       |     2 ||     2
  Use: Potion            |       |     4 ||     4
       Scroll            |       |     2 ||     2
 Stab: Sleeping          |     7 |     2 ||     9
  Eat: Chunk             |     1 |     2 ||     3
Armor: Skin              |    14 |     9 ||    23
Dodge: Dodged            |    64 |    55 ||   119

Table legend:
 A = Non-vault XP
 B = Vault XP
 C = Vault XP percentage of total XP
 D = Non-vault monster count
 E = Vault monster count
 F = Vault count percentage of total count
                 A         B        C        D         E       F
            +---------+---------+-------+---------+---------+-------
      Total |     146 |      18 |  11.0 |      47 |       1 |   2.1
            +---------+---------+-------+---------+---------+-------
        D:1 |      40 |       0 |   0.0 |      24 |       0 |   0.0
        D:2 |     106 |      18 |  14.5 |      23 |       1 |   4.2
            +---------+---------+-------+---------+---------+-------
